 Dungeon Crawl Stone Soup version 0.24-a0-271-ga0fc33f (webtiles) character file.

Game seed: 18316860458222922365

435 HallandMoats the Skirmisher (level 6, -3/49 HPs)
             Began as a Demonspawn Fighter on Apr 24, 2019.
             Slain by an orc warrior
             ... wielding a +0 short sword
              (15 damage)
             ... on level 5 of the Dungeon.
             The game lasted 00:06:13 (4424 turns).

HallandMoats the Skirmisher (Demonspawn Fighter)    Turns: 4424, Time: 00:06:14

Health: -3/49      AC:  7    Str: 19    XL:     6   Next: 68%
Magic:  0/6        EV: 13    Int:  9    God:
Gold:   238        SH:  0    Dex: 12    Spells: 5/5 levels left

rFire    . . .     SeeInvis .   a - +0 war axe (chop)
rCold    . . .     Gourm    .   (no shield)
rNeg     . . .     Faith    .   u - +0 scale mail
rPois    .         Spirit   +   (no helmet)
rElec    .         Reflect  .   (no cloak)
rCorr    .         Harm     .   (no gloves)
MR       .....                  (no boots)
Stlth    ..........             (no amulet)
HPRegen  0.16/turn              (no ring)
MPRegen  0.10/turn              (no ring)

@: flying
A: repulsion field 1, magic shield
a: no special abilities


You were on level 5 of the Dungeon.
You were very hungry.

You visited 1 branch of the dungeon, and saw 5 of its levels.

You collected 238 gold pieces.

Inventory:

Hand Weapons
 a - a +0 war axe of chopping (weapon)
 b - a +3 whip of draining
 s - a +1 scythe of freezing
Missiles
 e - 7 javelins (quivered)
Armour
 c - a +0 shield
 u - a +0 scale mail (worn)
Jewellery
 h - an uncursed amulet of the gourmand {unknown}
 p - a +6 ring of intelligence {unknown}
 v - a +2 ring of strength {unknown}
Scrolls
 g - a scroll of remove curse {unknown}
 j - a scroll of noise {unknown}
 k - 3 scrolls of identify {unknown}
 l - 4 scrolls of teleportation {unknown}
 n - 2 scrolls of fear {unknown}
 o - 3 scrolls of magic mapping {unknown}
 r - a scroll of random uselessness {unknown}
 t - a scroll of enchant armour {unknown}
 w - a scroll of fog {unknown}
Potions
 d - a potion of flight
 i - 2 potions of cancellation {unknown}
 m - a potion of brilliance {unknown}
 q - a potion of invisibility {unknown}
 x - a potion of heal wounds {unknown}
 z - a potion of lignification {unknown}
Comestibles
 f - 7 rations


   Skills:
 + Level 4.5 Fighting
 + Level 3.5 Axes
 + Level 4.1 Armour
 + Level 2.9 Dodging
 - Level 2.6 Shields


You had 5 spell levels left.
You didn't know any spells.
Your spell library contained the following spells:

 Spells                   Type           Power        Failure   Level  Hunger
 Confusing Touch          Hex            #.....       75%         1    ##.....
 Confuse                  Hex            #.......     98%         3    ####...
 Gell's Gravitas          Tloc           #.........   98%         3    ####...
 Petrify                  Tmut/Erth      #.......     100%        4    #####..
 Metabolic Englaciation   Hex/Ice        #.........   100%        5    ######.
 Yara's Violent Unravell  Hex/Tmut       #.........   100%        5    ######.


Dungeon Overview and Level Annotations

Branches:
Dungeon (5/15)
 Temple: D:4-7

Altars:
Ashenzari
Cheibriados
Fedhas
Makhleb
Ru
Trog
Uskayaw
Wu Jian
Xom
Yredelemnul


Innate Abilities, Weirdness & Mutations

You are surrounded by a mild repulsion field. (EV +2)
When hurt, damage is shared between your health and your magic reserves.


Message History

The orc warrior is heavily wounded.
You hit the orc wizard. You hit the orc but do no damage.
The orc hits you but does no damage.
The orc wizard hits you but does no damage.
The orc warrior hits you but does no damage.
The orc barely misses you.
The orc wizard hits you but does no damage.
You closely miss the orc warrior.
The orc warrior is heavily wounded.
You closely miss the orc. You hit the orc wizard.
You kill the orc wizard!
The orc warrior hits you with a +0 short sword.
* * * LOW HITPOINT WARNING * * *
The orc closely misses you.
The orc warrior hits you but does no damage.
It was a potion of flight.
You feel very buoyant.
You fly up into the air.
The orc barely misses you.
The orc warrior hits you with a +0 short sword!
You die...

###+######+##
#...........#........
#...........#.........
#...........+.........
#.....o.....#.........
######o@# ####........
....>#).###.........#
..........#.........#
#.####....#.......PP##
#....#......P#..## .
#....#......#_.P.#
...#....#...........#
_.....#'##......#_.⌠.+
....#...........#(...#


You could see an orc warrior and an orc.

Vanquished Creatures
  Sigmund (D:2)
  A howler monkey (D:4)
  A crimson imp (D:2)
  An orc priest (D:3)
  Natasha (D:3)
  An orc wizard (D:5)
  3 adders
  3 oozes (D:1)
  2 worms
  3 dart slugs
  4 leopard geckos
  6 orcs
  5 ball pythons
  5 bats
  5 giant cockroaches
  3 goblins
  5 hobgoblins
  9 jackals
  2 quokkas (D:4)
  4 frilled lizards
  6 kobolds
  A leopard gecko skeleton (D:4)
  A leopard gecko zombie (D:4)
  6 rats
  A spectral orc (D:3)
80 creatures vanquished.

Notes
Turn   | Place    | Note
-------+----------+-------------------------------------------
     0 | D:1      | HallandMoats the Demonspawn Fighter began the quest for the
                  | Orb.
     0 | D:1      | Reached XP level 1. HP: 18/18 MP: 1/1
    40 | D:1      | Gained mutation: When hurt, damage is shared between your
                  | health and your magic reserves. [demonic ancestry]
    40 | D:1      | Reached XP level 2. HP: 23/24 MP: 2/2
   222 | D:1      | Reached skill level 1 in Dodging
   222 | D:1      | Reached XP level 3. HP: 29/29 MP: 3/3
   444 | D:1      | Found a snail-covered altar of Cheibriados.
  1176 | D:2      | Found a shimmering altar of Xom.
  1236 | D:2      | Reached XP level 4. HP: 29/36 MP: 2/4
  1259 | D:2      | Noticed Sigmund
  1371 | D:2      | Killed Sigmund
  1371 | D:2      | Gained mutation: You are surrounded by a mild repulsion
                  | field. (EV +2) [demonic ancestry]
  1371 | D:2      | Reached XP level 5. HP: 38/42 MP: 2/5
  1425 | D:2      | Found a burning altar of Makhleb.
  1427 | D:2      | Noticed an Executioner
  2104 | D:3      | Reached XP level 6. HP: 29/48 MP: 2/6
  2678 | D:3      | Noticed Natasha
  2698 | D:3      | Killed Natasha
  3025 | D:3      | Found a basalt altar of Yredelemnul.
  4107 | D:4      | Found a sacrificial altar of Ru.
  4328 | D:5      | Entered Level 5 of the Dungeon
  4330 | D:5      | Found an ornate altar of the Wu Jian Council.
  4390 | D:5      | Found a blossoming altar of Fedhas.
  4390 | D:5      | Found a bloodstained altar of Trog.
  4390 | D:5      | Found a hide-covered altar of Uskayaw.
  4411 | D:5      | Found a shattered altar of Ashenzari.
  4415 | D:5      | Noticed an orc warrior
  4424 | D:5      | Slain by an orc warrior

Levels and vault maps discovered:
D:1:      dpeg_arrival_refuge, layout_basic, cheibriados_altar_1
D:2:      layout_basic, lemuel_crystal_altar, first_ration,
          makhleb_altar_promises_db, uniq_sigmund
D:3:      layout_basic, yredelemnul_forgotten_temple_becter, uniq_natasha
D:4:      layout_basic, nicolae_ru_awakened_eye, minivault_24
D:5:      layout_gridville, nicolae_overflow_crystal_walls, old_standard_altar,
          gammafunk_temple_overflow_forgotten

Skill      XL: |  1  2  3  4  5  6 |
---------------+-------------------+-----
Axes           | 2 3 |  3.5
Armour         | 3 4 |  4.1
Dodging        | 1 2 |  2.9
Fighting       | 4 |  4.5
Shields        | |  2.6

Action                   |  1- 3 |  4- 6 || total
-------------------------+-------+-------++-------
Melee: War axe           |   103 |   130 ||   233
       Scythe            |       |    20 ||    20
Throw: Javelin           |     7 |     5 ||    12
  Use: Potion            |       |     2 ||     2
  Eat: Chunk             |     1 |     6 ||     7
       Ration            |       |     1 ||     1
Armor: Scale mail        |    74 |    72 ||   146
Dodge: Dodged            |   110 |   134 ||   244

Table legend:
 A = Non-vault XP
 B = Vault XP
 C = Vault XP percentage of total XP
 D = Non-vault monster count
 E = Vault monster count
 F = Vault count percentage of total count
                 A         B        C        D         E       F
            +---------+---------+-------+---------+---------+-------
      Total |     379 |     243 |  39.1 |      77 |       3 |   3.8
            +---------+---------+-------+---------+---------+-------
        D:1 |      66 |       0 |   0.0 |      26 |       0 |   0.0
        D:2 |      76 |     205 |  73.0 |      15 |       1 |   6.2
        D:3 |     119 |      38 |  24.2 |      25 |       2 |   7.4
        D:4 |      80 |       0 |   0.0 |       7 |       0 |   0.0
        D:5 |      38 |       0 |   0.0 |       4 |       0 |   0.0
            +---------+---------+-------+---------+---------+-------
